 Dungeon Crawl Stone Soup version 0.18-a0-1797-gc18daef (webtiles) character file.

550 macross the Covert (level 7, -4/34 HPs)
             Began as a Spriggan Assassin on Apr 22, 2016.
             Slain by a centaur skeleton (6 damage)
             ... on level 4 of the Dungeon.
             The game lasted 00:13:01 (1619 turns).

macross the Covert (Spriggan Assassin)              Turns: 1619, Time: 00:13:02

Health: -4/34      AC:  3    Str: 14    XL:     7   Next: 7%
Magic:  8/8        EV: 20    Int: 12    God:
Gold:   48         SH:  0    Dex: 20    Spells: 0 memorised, 6 levels left

rFire  . . .     SeeInvis +     t - +2 dagger (venom)
rCold  . . .     Gourm    .     c - +0 robe
rNeg   + . .     Faith    .     (shield restricted)
rPois  .         Spirit   .     (helmet restricted)
rElec  .         Dismiss  +     d - +0 cloak
rCorr  .         Reflect  .     (gloves unavailable)
SustAt .         Harm     .     (boots unavailable)
MR     +....     Rnd*Rage +     h - amulet of dismissal
Stlth  ++++++....               (no ring)
                                r - ring of positive energy

@: mighty, very quick, somewhat resistant to hostile enchantments, very stealthy
A: unfitting armour, see invisible, berserk 1, herbivore 3, speed 3, slow
metabolism 2, strong 1
a: no special abilities


You were on level 4 of the Dungeon.
You were not hungry.

You visited 2 branches of the dungeon, and saw 6 of its levels.

You collected 48 gold pieces.

Inventory:

Hand Weapons
 a - a +2 dagger
 b - a +0 blowgun
 t - a +2 dagger of venom (weapon)
Missiles
 e - 8 poisoned needles
 f - 2 curare-tipped needles
Armour
 c - a +0 robe (worn)
 d - a +0 cloak (worn)
Jewellery
 h - an amulet of dismissal (around neck)
 r - a ring of positive energy (left hand)
 s - a +3 amulet of reflection {unknown}
Scrolls
 i - a scroll of enchant armour {unknown}
 j - a scroll of recharging
 m - a scroll of identify {unknown}
 n - a scroll of teleportation {unknown}
Potions
 o - a potion of agility
 q - a potion of flight {unknown}
 u - a potion of curing {unknown}
 v - a potion of heal wounds {unknown}
Comestibles
 g - a bread ration


   Skills:
 + Level 1.8 Fighting
 * Level 3.5 Short Blades
 - Level 2.0 Throwing
 + Level 3.9 Dodging
 * Level 11.3 Stealth


You had 6 spell levels left.
You didn't know any spells.

Dungeon Overview and Level Annotations

Branches:
Dungeon (5/15)             Temple (1/1) D:5

Altars:
Gozag
Kikubaaqudgha
Makhleb
Nemelex Xobeh
Okawaru
Ru
Trog
Vehumet
Yredelemnul
Zin
The Shining One


Innate Abilities, Weirdness & Mutations

You are tiny and cannot use many weapons and most armour.
You have supernaturally acute eyesight.
You are a herbivore.
You cover ground extremely quickly.
You need consume almost no food.
You tend to lose your temper in combat.
Your muscles are strong. (Str +2)


Message History

The centaur skeleton misses you.
There is a stone staircase leading up here.
You can't go down here!
r - a ring of positive energy (left hand)
The world spins around you!
h - an amulet of dismissal (around neck) It was a potion of might.
You feel very mighty all of a sudden. The centaur skeleton misses you.
It was a potion of mutation.
You feel extremely strange.
You feel stronger.
You feel a little pissed off. The centaur skeleton hits you.
* * * LOW HITPOINT WARNING * * *
You hit the centaur skeleton.
The world stops spinning.
The centaur skeleton closely misses you.
As you read the scroll labeled UNAPSI OLALA, it crumbles to dust.
You feel aware of your surroundings.
You sensed 3 altars.
It was a scroll of magic mapping.
The centaur skeleton hits you.
You die...

##<.........
##...######.#
#####.###........
#...Z.# #..####..
#.###.#**.## #.. #.#
##..,## #.. ##.#
**...#****#.. #Z.#
*,.....,,,#.. #@##
*,...###*,#.) #♣# *,#.##
*,#o. ***,* *,*,* *,#.#
*,*,* *,*,* *,#.# ***,**
*,*,* *,#.# ****,,,,*
*,*,* *,#.# *,,,,,,,*
*,*,*** *,#.#
***,,,,,,****,,,,* ###.#
*,*,,,,,*,,*****,#*#....


You could see a centaur skeleton.

Vanquished Creatures
  4 ogres
  A howler monkey (D:5)
  A jelly (D:5)
  An orc priest (D:4)
  3 orc wizards (D:4)
  A worm (D:3)
  A giant gecko (D:5)
  5 orcs (D:4)
  2 goblins (D:3)
  A hobgoblin (D:2)
  4 jackals (D:5)
  A kobold (D:3)
  A quokka (D:4)
  A ball python (D:4)
  A bat (D:3)
  A giant gecko skeleton (D:5)
  A quokka zombie (D:5)
30 creatures vanquished.

Notes
Turn   | Place    | Note
--------------------------------------------------------------
     0 | D:1      | macross the Spriggan Assassin began the quest for the Orb.
     0 | D:1      | Reached XP level 1. HP: 10/10 MP: 2/2
    74 | D:2      | Reached skill level 6 in Stealth
   136 | D:3      | Noticed a phantom
   168 | D:3      | Noticed an orc priest
   179 | D:3      | Reached XP level 2. HP: 7/14 MP: 3/3
   187 | D:3      | Noticed an ogre
   232 | D:4      | Noticed a howler monkey
   269 | D:4      | Noticed a crimson imp
   287 | D:4      | Reached skill level 7 in Stealth
   287 | D:4      | Reached XP level 3. HP: 6/18 MP: 4/4
   298 | D:4      | Noticed an ogre
   305 | D:4      | Killed an ogre
   305 | D:4      | Reached skill level 8 in Stealth
   305 | D:4      | Reached XP level 4. HP: 9/23 MP: 5/5
   318 | D:4      | You fall through a shaft!
   318 | D:5      | Entered Level 5 of the Dungeon
   349 | D:5      | Found a staircase to the Ecumenical Temple.
   356 | Temple   | Entered the Ecumenical Temple
   756 | D:5      | Noticed an ogre
   763 | D:5      | Killed an ogre
   763 | D:5      | Reached skill level 9 in Stealth
   763 | D:5      | Reached XP level 5. HP: 26/26 MP: 6/6
   805 | D:5      | Noticed an ogre
   812 | D:5      | Killed an ogre
   812 | D:5      | Reached skill level 10 in Stealth
   812 | D:5      | Reached XP level 6. HP: 30/30 MP: 7/7
  1148 | D:5      | Noticed a sky beast
  1227 | D:4      | Reached skill level 11 in Stealth
  1450 | D:4      | Reached XP level 7. HP: 25/34 MP: 8/8
  1479 | D:4      | HP: 1/34 [quokka (5)]
  1616 | D:4      | Gained mutation: Your muscles are strong. (Str +2) [potion of mutation]
  1616 | D:4      | Gained mutation: You tend to lose your temper in combat. [potion of mutation]
  1619 | D:4      | Slain by a centaur skeleton

Vault maps used:
D:1:      lightli_arrival_boilingwater
D:2:      tgw_xom, first_bread
D:3:      lemuel_doored_altar, grunt_temple_overflow_open,
          hangedman_abyss_or_decor_lesser_grid
D:4:      kennysheep_kobold_camp, kennysheep_mini, kennysheep_slug_shrine,
          nicolae_tso_besieged_by_evil, uniq_grinder
D:5:      minmay_temple_entry_nine_rooms, nicolae_underground_beach
Temple:   triangle_lava_temple_11

Skill      XL: |  1  2  3  4  5  6 |
---------------+-------------------+-----
Stealth        | 6 7 8 9 10 11 | 11.3
Dodging        | 2 3 |  3.9
Short Blades   | 3 |  3.5
Fighting       | |  1.8
Throwing       | |  2.0

Action                   |  1- 3 |  4- 6 |  7- 9 || total
-------------------------+-------+-------+-------++-------
Melee: Dagger            |    17 |    64 |     5 ||    86
  Use: Potion            |       |       |     3 ||     3
       Scroll            |       |       |     2 ||     2
 Stab: Sleeping          |     4 |    13 |     1 ||    18
Armor: Robe              |    10 |     2 |       ||    12
Dodge: Dodged            |    62 |    33 |     6 ||   101
